cohdb
Replays
Latest Replays
All Replays
Popular Replays
Top Player Replays
Match Explorer
How It Works
Community
CoH3 Stats
Reddit
Sign in to upload your games and track your stats! →
Sign in with Steam
Match 42071839
Unlisted
Match 42071839
Overview
Messages
Build Orders
End
Selects Special Operations Battlegroup
Selects Special Operations Battlegroup
Selects M29 Weasel Recon Vehicle
M29 Weasel Recon Vehicle
Construct Barracks
Riflemen Squad
Riflemen Squad
Engineer Squad
Infantry Support Center
Construct Medical Station
Construct Weapon Support Center
Sniper
M3 Armored Personnel Carrier
Engineer Squad
Selects P-47 Anti-Infantry Loiter
Bazooka Squad
Reakly
HulkSMASH
0
0
Comments
sign in to comment!
No comments posted yet!